 Dungeon Crawl Stone Soup version 0.31-a0-1009-g454b1f1e0a (webtiles) character file.

Game seed: 5063330783870463485

12916 kae the Jinx (level 11, -9/80 HPs)
             Began as a Demonspawn Enchanter on Nov 14, 2023.
             Was a Believer of Dithmenos.
             Shot with an arrow by a deep elf archer (29 damage)
             ... on level 10 of the Dungeon.
             The game lasted 00:12:33 (10335 turns).

kae the Jinx (Demonspawn Enchanter)                Turns: 10335, Time: 00:12:34

Health: -9/80      AC: 15    Str: 19    XL:     11   Next: 68%
Magic:  6/20       EV: 13    Int: 16    God:    Dithmenos [**....]
Gold:   570        SH:  0    Dex: 14    Spells: 11/23 levels left

rFire   . . .        l - +3 dagger (speed)
rCold   + . .        (no shield)
rNeg    . . .        G - +0 acid dragon scales
rPois   .            x - +2 helmet
rElec   .            (no cloak)
rCorr   +            (no gloves)
SInv    .            n - +2 pair of boots
Will    .....        g - amulet of regeneration
Stlth   ++++         c - ring of protection from cold
HPRegen 1.13/turn    S - +6 ring of strength
MPRegen 0.17/turn

%: no passive effects
@: slowed, wreathed by umbra, very slow
A: molten scales 2, foul stench 1, demonic magic 1, demonic touch 2
a: Renounce Religion, Shadow Step


You were on level 10 of the Dungeon.
You worshipped Dithmenos.
Dithmenos was pleased with you.
You visited 2 branches of the dungeon, and saw 11 of its levels.

You collected 645 gold pieces.
You spent 75 gold pieces at shops.


Innate Abilities, Weirdness & Mutations

You are mostly covered in molten scales. (AC +3)
You may rarely emit foul miasma when damaged in melee.
Spells you cast may paralyse adjacent enemies.
Your touch may inflict irresistible damage on your foes.


   Skills:
 + Level 5.3 Fighting
 * Level 9.1 Short Blades
 + Level 5.3 Dodging
 + Level 7.4 Stealth
 + Level 6.5 Spellcasting
 * Level 10.4 Hexes
 - Level 3.0 Ice Magic


You had 11 spell levels left.
You knew the following spells:

 Your Spells              Type           Power      Damage    Failure   Level
a - Ensorcelled Hibernat  Hex/Ice        52%        N/A       1%          2
b - Confusing Touch       Hex            38%        N/A       1%          3
c - Tukima's Dance        Hex            38%        N/A       1%          3
d - Slow                  Hex            100%       N/A       1%          1
e - Dazzling Flash        Conj/Hex       42%        N/A       6%          3

Your spell library contained the following spells:

 Spells                   Type           Power      Damage    Failure   Level
 Sigil of Binding         Hex            38%        N/A       1%          3
 Ozocubu's Armour         Ice            14%        N/A       16%         3
 Foxfire                  Conj/Fire      20%        2x1d5     17%         1
 Kiss of Death            Conj/Necr      20%        2d7       17%         1
 Sting                    Tmut/Pois      20%        1d4       17%         1
 Blink                    Tloc           10%        N/A       26%         2
 Lesser Beckoning         Tloc           10%        N/A       26%         2
 Momentum Strike          Conj/Tloc      10%        3d8       26%         2
 Passwall                 Tmut/Erth      4%         N/A       26%         2
 Poisonous Vapours        Pois/Air       10%        N/A       26%         2
 Wereblood                Tmut           5%         N/A       26%         2
 Ignite Poison            Fire/Tmut/Pois 5%         N/A       45%         3
 Swiftness                Air            5%         N/A       45%         3
 Vampiric Draining        Necr           5%         2d6       45%         3
 Dispel Undead            Necr           5%         3d7       86%         4
 Olgreb's Toxic Radiance  Pois           5%         N/A       86%         4
 Irradiate                Conj/Tmut      2%         3d12      99%         5
 Plasma Beam              Fire/Air       2%         2x1d12    100%        6
 Starburst                Conj/Fire      2%         6d3       100%        6
 Ozocubu's Refrigeration  Ice            7%         4d9       100%        7

Inventory:

Hand Weapons
 a - a +1 dagger
 l - a +3 dagger of speed (weapon)
   (You took it off a goblin on level 2 of the Dungeon)
Missiles
 d - 137 stones
 o - 19 poisoned darts
 u - 2 throwing nets {=f!f}
 v - a curare-tipped dart {=f}
 L - 6 silver javelins
Armour
 n - a +2 pair of boots (worn)
   (You found it on level 3 of the Dungeon)
 x - a +2 helmet (worn)
   (You found it on level 5 of the Dungeon)
 D - the +4 plate armour of Hiciubb {rF+ Int+3}
   (You found it on level 2 of the Dungeon)

   Int+3:     It affects your intelligence (+3).
   rF+:       It protects you from fire.
 G - +0 acid dragon scales (worn)
   (You found it on level 8 of the Dungeon)
Magical Staves
 M - a staff of death {!a}
   (You found it on level 10 of the Dungeon)
Jewellery
 c - a ring of protection from cold (left hand)
   (You found it on level 6 of the Dungeon)
 g - an amulet of regeneration (around neck)
   (You found it on level 7 of the Dungeon)
 i - a +6 ring of intelligence
   (You found it on level 10 of the Dungeon)
 y - a ring of protection from cold
   (You found it on level 6 of the Dungeon)
 C - a ring of ice
   (You found it on level 4 of the Dungeon)
 F - a ring of protection from fire
   (You found it on level 6 of the Dungeon)
 S - a +6 ring of strength (right hand)
   (You found it on level 9 of the Dungeon)
 Z - a ring of wizardry
   (You found it on level 8 of the Dungeon)
Wands
 h - a wand of polymorph (8)
   (You took it off Sigmund on level 2 of the Dungeon)
 H - a wand of iceblast (17)
   (You found it on level 8 of the Dungeon)
Scrolls
 b - a scroll of immolation {unknown}
 s - 2 scrolls of fog
 z - a scroll of vulnerability {!r!r}
 A - a scroll of teleportation {@r4}
 E - 2 scrolls of blinking {!r}
 J - a scroll of fear
Potions
 e - 2 potions of heal wounds {@q2}
 f - 2 potions of ambrosia
 j - a potion of cancellation {unknown}
 k - a potion of attraction {!q}
 m - 2 potions of mutation {!q}
 p - 3 potions of lignification {!q}
 q - a potion of curing {unknown}
 r - 3 potions of haste {@q3}
 t - 4 potions of enlightenment
 w - 2 potions of invisibility
 B - 2 potions of brilliance
 I - 3 potions of magic {unknown}
 K - a potion of berserk rage {!q}

Dungeon Overview and Level Annotations

Branches:
Dungeon (10/15) Zot: 26237  Temple (1/1) D:4 Zot: 5998    Lair (0/5) D:9
    Orc (0/2) D:10

Altars:
Ashenzari
Cheibriados
Dithmenos
Fedhas
Gozag
Hepliaklqana
Kikubaaqudgha
Makhleb
Nemelex Xobeh
Okawaru
Qazlal
Ru
Sif Muna
Trog
Uskayaw
Vehumet
Wu Jian
Xom
Yredelemnul

Shops:
D:2 *:   D:5 : D:7

**!
##########........#
#...............[โ€
.
##'##########......#
#e..#...#...#.......
#...'...'.โ€
.#......#
#...#...#...####....
##'#######'## #....
#...#..(#...# #....
#.ยง@'...#...# .#
#...#).!#...#
##+#######'##
#...#...# #...'.).#
#...#...# #########


You could see a deep elf archer (repels missiles).


Message History

Press: ? - help, Shift-Dir - straight line, f/p - deep elf archer
Aim: a deep elf archer, wielding a +0 short sword and wearing a +0 leather armour (repelling missiles, umbra, chance to affect: 12%)
The deep elf archer resists with almost no effort.
Malevolent energies surge around you. The deep elf archer barely misses you.
The deep elf archer closely misses you. ๐Ÿ˜ฎ HP[+2] MP[-2]
You regained 2 hp, and now have 50/80 hp.
You lost 2 mp, and now have 13/20 mp.
Casting: Ensorcelled Hibernation (safe; 1% risk of failure)
Confirm with . or Enter, or press ? or * to list all spells.
Aiming: Ensorcelled Hibernation (safe; 1% risk of failure)
Press: ? - help, Shift-Dir - straight line, f/p - deep elf archer
Aim: a deep elf archer, wielding a +0 short sword and wearing a +0 leather armour (repelling missiles, umbra, chance to affect: 12%)
The deep elf archer resists with almost no effort.
Malevolent energies surge around you.
The deep elf archer hits you with a +0 short sword. ๐Ÿ˜ฎ HP[-3] MP[-1]
You take 3 damage, and now have 47/80 hp.
You lost 1 mp, and now have 12/20 mp.
Casting: Ensorcelled Hibernation (safe; 1% risk of failure)
Confirm with . or Enter, or press ? or * to list all spells.
Aiming: Ensorcelled Hibernation (safe; 1% risk of failure)
Press: ? - help, Shift-Dir - straight line, f/p - deep elf archer
Aim: a deep elf archer, wielding a +0 short sword and wearing a +0 leather armour (repelling missiles, umbra, chance to affect: 12%)
The deep elf archer resists with almost no effort.
Malevolent energies surge around you.
The deep elf archer hits you with a +0 short sword!
* * * LOW HITPOINT WARNING * * *
The deep elf archer misses you. ๐Ÿ˜จ HP[-12] MP[-2]
You take 12 damage, and now have 35/80 hp.
You lost 2 mp, and now have 10/20 mp.
Unknown command.
Casting: Ensorcelled Hibernation (safe; 1% risk of failure)
Confirm with . or Enter, or press ? or * to list all spells.
Aiming: Ensorcelled Hibernation (safe; 1% risk of failure)
Press: ? - help, Shift-Dir - straight line, f/p - deep elf archer
Aim: a deep elf archer, wielding a +0 short sword and wearing a +0 leather armour (repelling missiles, umbra, chance to affect: 12%)
The deep elf archer resists with almost no effort.
Malevolent energies surge around you.
The deep elf archer hits you with a +0 short sword.
* * * LOW HITPOINT WARNING * * *
๐Ÿ˜จ HP[-3] MP[-2]
You take 3 damage, and now have 32/80 hp.
You lost 2 mp, and now have 8/20 mp.
Unknown command.
Casting: Ensorcelled Hibernation (safe; 1% risk of failure)
Confirm with . or Enter, or press ? or * to list all spells.
Aiming: Ensorcelled Hibernation (safe; 1% risk of failure)
Press: ? - help, Shift-Dir - straight line, f/p - deep elf archer
Aim: a deep elf archer, wielding a +0 short sword and wearing a +0 leather armour (repelling missiles, umbra, chance to affect: 12%)
The deep elf archer resists with almost no effort.
Malevolent energies surge around you.
The deep elf archer gestures wildly while chanting.
The deep elf archer blinks!
The deep elf archer unwields a +0 short sword.
The deep elf archer wields a +0 longbow.
The deep elf archer shoots an arrow.
The arrow hits you!
* * * LOW HITPOINT WARNING * * *
๐Ÿ˜ฑ HP[-15] MP[-2]
You take 15 damage, and now have 17/80 hp.
You lost 2 mp, and now have 6/20 mp.
Unknown command.
You pick up Ozocubu's Autobiography and begin reading...
You add the spells Ozocubu's Armour and Ozocubu's Refrigeration to your library. ๐Ÿ˜จ HP[+4] MP[+1]
You regained 4 hp, and now have 21/80 hp.
You close the door.
Something unseen breaks down the door. ๐Ÿ˜จ HP[+2]
You regained 2 hp, and now have 23/80 hp.
You feel much better. ๐Ÿ˜ฎ HP[+32]
You regained 32 hp, and now have 55/80 hp.
The deep elf archer shoots an arrow.
The arrow hits you!!
* * * LOW HITPOINT WARNING * * *
The deep elf archer shoots an arrow.
The arrow hits you!
* * * LOW HITPOINT WARNING * * *
There is a broken door, spattered with blood here. ๐Ÿ˜จ HP[-30] MP[+1]
You take 30 damage, and now have 25/80 hp.
MASSIVE DAMAGE!! (PAUSE)
The deep elf archer unwields a +0 longbow.
The deep elf archer wields a +0 short sword.
The deep elf archer hits you with a +0 short sword!
* * * LOW HITPOINT WARNING * * *
๐Ÿ˜ฑ HP[-6]
You take 6 damage, and now have 19/80 hp.
Casting: Ensorcelled Hibernation (safe; 1% risk of failure)
Confirm with . or Enter, or press ? or * to list all spells.
Aiming: Ensorcelled Hibernation (safe; 1% risk of failure)
Press: ? - help, Shift-Dir - straight line, f/p - deep elf archer
Aim: a deep elf archer, wielding a +0 short sword and wearing a +0 leather armour (repelling missiles, umbra, chance to affect: 12%)
The deep elf archer resists with almost no effort.
Malevolent energies surge around you.
The deep elf archer casts a spell.
The deep elf archer blinks!
The deep elf archer unwields a +0 short sword.
The deep elf archer wields a +0 longbow.
The deep elf archer shoots an arrow.
The arrow hits you!!
You die...

Skill      XL: |  1  2  3  4  5  6  7  8  9 10 11 |
---------------+----------------------------------+-----
Short Blades   | 1 2 3 4 5 7 8 9 |  9.1
Ice Magic      | 2 3 |  3.0
Stealth        | 3 4 5 6 7 |  7.4
Hexes          | 4 5 7 8 9 10 | 10.4
Spellcasting   | 3 4 5 6 |  6.5
Dodging        | 2 3 4 5 |  5.3
Fighting       | 3 4 5 |  5.3

Action                     |  1- 3 |  4- 6 |  7- 9 | 10-12 || total
---------------------------+-------+-------+-------+-------++-------
  Melee: Dagger            |   113 |    67 |   184 |   357 ||   721
         Punch             |     1 |       |     2 |     5 ||     8
         Touch             |       |     7 |    34 |    78 ||   119
   Cast: Ensorcelled Hiber |    11 |    20 |    51 |    46 ||   128
         Confusing Touch   |       |       |     8 |    10 ||    18
         Slow              |       |       |       |     2 ||     2
    Use: Scroll            |     5 |     2 |    13 |     4 ||    24
         Potion            |     1 |       |     2 |     1 ||     4
   Stab: Sleeping          |    17 |    21 |    36 |    23 ||    97
         Paralysed         |     3 |     6 |    23 |    19 ||    51
         Confused          |       |       |     3 |     4 ||     7
         Invisible         |       |       |     5 |       ||     5
 Armour: Robe              |    22 |    16 |    45 |       ||    83
         Plate armour      |    19 |       |       |       ||    19
         Skin              |     3 |       |       |       ||     3
         Acid dragon scale |       |       |    19 |   138 ||   157
  Dodge: Dodged            |    28 |    23 |    58 |   113 ||   222

Levels and vault maps discovered:
D:1:      reono_arrival_mine, layout_loops_cross, hangedman_decor_growths
D:2:      layout_loops_corners, serial_shops, shop, nicolae_shop_hallway_stairs,
          hellmonk_ecumenical_altar_leap_of_faith, minmay_misc_feat_square,
          minivault_26, uniq_sigmund
D:3:      layout_rooms, kennysheep_decorative_pillar
D:4:      layout_basic, grunt_temple_overflow_opulence, kennysheep_little_box,
          amcnicky_altar_gilded, minmay_temple_entry_offerings
D:5:      layout_gridville, overflow_temple_1_default,
          gammafunk_temple_overflow_elements, chequers_avenue,
          nicolae_shop_i_like_small_books_too, uniq_menkaure, uniq_eustachio,
          uniq_ijyb
D:6:      layout_basic
D:7:      layout_basic, nicolae_shop_distant_corner_stores
D:8:      layout_basic, mainiacjoe_overflow_paths,
          gammafunk_temple_overflow_statue, mainiacjoe_overflow_alcove_1
D:9:      layout_loops_ring, nzn_overflow_gifts_of_might_and_magic,
          lemuel_tele_altar, dpeg_oklobed_lair, uniq_maggie, uniq_erolcha,
          uniq_gastronok
D:10:     layout_basic, zombieorc2_lemuel, kennysheep_nub, minmay_evil_grid
Temple:   hellmonk_temple_flake

Notes
Turn   | Place    | Note
-------+----------+-------------------------------------------
     0 | D:1      | kae the Demonspawn Enchanter began the quest for the Orb.
     0 | D:1      | Reached XP level 1. HP: 13/13 MP: 3/3
     0 | D:1      | magus.rc [v1.11.3]
    27 | D:1      | Reached skill level 1 in Short Blades
    62 | D:1      | Gained mutation: Spells you cast may paralyse adjacent
                  | enemies. [demonic ancestry]
    62 | D:1      | Reached XP level 2. HP: 19/19 MP: 5/5
   130 | D:1      | Learned a level 2 spell: Ensorcelled Hibernation
   754 | D:1      | Gained mutation: You may rarely emit foul miasma when
                  | damaged in melee. [demonic ancestry]
   754 | D:1      | Reached XP level 3. HP: 24/24 MP: 6/6
   758 | D:1      | Learned a level 3 spell: Confusing Touch
   760 | D:1      | You pick up a book of Changes and begin reading...
   760 | D:1      | You add the spells Wereblood and Irradiate to your library.
   934 | D:2      | Found Mykig's General Store.
  1002 | D:2      | Identified the +4 plate armour of Hiciubb {rF+ Int+3}
  1008 | D:2      | Reached skill level 1 in Ice Magic
  1208 | D:2      | Found a faded altar of an unknown god.
  1523 | D:2      | Found Giojoyff's Book Shop.
  1537 | D:2      | You pick up a book of Touch and begin reading...
  1537 | D:2      | You add the spells Kiss of Death and Dispel Undead to your
                  | library.
  1854 | D:2      | Noticed Sigmund
  1873 | D:2      | Killed Sigmund
  1874 | D:2      | Reached skill level 2 in Short Blades
  1874 | D:2      | Reached skill level 3 in Stealth
  1874 | D:2      | Reached skill level 4 in Hexes
  1874 | D:2      | Reached skill level 2 in Ice Magic
  1874 | D:2      | Gained mutation: Your touch may inflict minor irresistible
                  | damage on your foes. [demonic ancestry]
  1874 | D:2      | Reached XP level 4. HP: 30/30 MP: 4/7
  1874 | D:2      | Reached XP level 5. HP: 35/35 MP: 4/8
  2199 | D:3      | Learned a level 3 spell: Tukima's Dance
  2428 | D:3      | Gained mutation: You are partially covered in molten
                  | scales. (AC +2) [demonic ancestry]
  2428 | D:3      | Reached XP level 6. HP: 41/41 MP: 3/10
  3122 | D:4      | Found a staircase to the Ecumenical Temple.
  3129 | Temple   | Entered the Ecumenical Temple
  3139 | D:4      | You add the spells Sting, Poisonous Vapours and Olgreb's
                  | Toxic Radiance to your library.
  3198 | D:4      | Found an ornate altar of the Wu Jian Council.
  3293 | D:4      | Found an opulent altar of Gozag.
  3294 | D:4      | Found a sparkling altar of Nemelex Xobeh.
  3475 | D:5      | Entered Level 5 of the Dungeon
  3477 | D:5      | Reached skill level 3 in Short Blades
  3484 | D:5      | Found Ginlus Tiora's Tiny Tomes.
  3593 | D:5      | Reached skill level 3 in Spellcasting
  3602 | D:5      | Reached skill level 3 in Ice Magic
  3602 | D:5      | Reached XP level 7. HP: 46/46 MP: 11/11
  3617 | D:5      | Identified the serpent talisman "Jomm" {rCorr Int+3 Stlth+}
  3624 | D:5      | Noticed Eustachio
  3723 | D:5      | Reached skill level 5 in Hexes
  3768 | D:5      | Reached skill level 4 in Stealth
  3810 | D:5      | You pick up a book of Debilitation and begin reading...
  3810 | D:5      | You add the spells Slow, Sigil of Binding and Vampiric
                  | Draining to your library.
  3833 | D:5      | Noticed Ijyb
  3921 | D:5      | Killed Ijyb
  4004 | D:5      | Killed Eustachio
  4005 | D:5      | Reached skill level 4 in Short Blades
  4169 | D:5      | Found a sacrificial altar of Ru.
  4279 | D:5      | Gained mutation: Your touch may inflict irresistible damage
                  | on your foes. [demonic ancestry]
  4279 | D:5      | Reached XP level 8. HP: 52/52 MP: 7/13
  4432 | D:5      | Noticed Menkaure
  4433 | D:5      | Found a stormy altar of Qazlal.
  4433 | D:5      | Found a burning altar of Makhleb.
  4439 | D:5      | Killed Menkaure
  4440 | D:5      | Reached skill level 6 in Hexes
  4639 | D:5      | Learned a level 1 spell: Slow
  4643 | D:5      | Learned a level 3 spell: Dazzling Flash
  4725 | D:6      | Reached skill level 5 in Short Blades
  4884 | D:6      | Reached skill level 4 in Spellcasting
  4980 | D:6      | Reached skill level 5 in Stealth
  6091 | D:7      | Reached skill level 7 in Hexes
  6144 | D:7      | Reached skill level 2 in Dodging
  6200 | D:7      | Gained mutation: You are mostly covered in molten scales.
                  | (AC +3) [demonic ancestry]
  6200 | D:7      | Reached XP level 9. HP: 58/58 MP: 12/15
  6216 | D:7      | Reached skill level 1 in Fighting
  6233 | D:7      | Reached skill level 6 in Short Blades
  6252 | D:7      | HP: 12/59 [something/magic dart (8)]
  6398 | D:7      | Found Qyczoug's Assorted Antiques.
  6399 | D:7      | Found Puxtyta's Distillery.
  6400 | D:7      | Found Qaebb's General Store.
  6406 | D:7      | Bought a bubbling brown potion for 23 gold pieces
  6406 | D:7      | Bought a scroll of identify for 52 gold pieces
  6507 | D:7      | You pick up a book of Spatial Translocations and begin
                  | reading...
  6507 | D:7      | You add the spells Blink, Momentum Strike and Lesser
                  | Beckoning to your library.
  6742 | D:7      | You pick up a book of Touch and begin reading...
  6901 | D:8      | Found a blossoming altar of Fedhas.
  6910 | D:8      | Reached skill level 2 in Fighting
  6949 | D:8      | Noticed a komodo dragon
  6956 | D:8      | Killed a komodo dragon
  6957 | D:8      | Reached skill level 3 in Dodging
  7099 | D:8      | Reached skill level 5 in Spellcasting
  7099 | D:8      | Reached skill level 8 in Hexes
  7146 | D:8      | Reached skill level 7 in Short Blades
  7146 | D:8      | Reached skill level 6 in Stealth
  7153 | D:8      | Reached skill level 3 in Fighting
  7153 | D:8      | Reached XP level 10. HP: 55/70 MP: 5/17
  7719 | D:8      | You pick up a book of Debilitation and begin reading...
  7742 | D:8      | You pick up a book of Burglary and begin reading...
  7742 | D:8      | You add the spells Passwall and Swiftness to your library.
  7769 | D:8      | Found a shadowy altar of Dithmenos.
  8022 | D:8      | Found a basalt altar of Yredelemnul.
  8262 | D:8      | Became a worshipper of Dithmenos the Shadowed
  8283 | D:9      | Identified the "Wooliteh"
  8401 | D:9      | Noticed Maggie
  8407 | D:9      | Killed Maggie
  8495 | D:9      | Found a staircase to the Lair.
  8505 | D:9      | Noticed Erolcha
  8512 | D:9      | Killed Erolcha
  8513 | D:9      | Reached skill level 4 in Dodging
  8645 | D:9      | Reached skill level 9 in Hexes
  8861 | D:9      | You pick up a book of Fire and begin reading...
  8861 | D:9      | You add the spells Foxfire, Plasma Beam and Starburst to
                  | your library.
  8937 | D:9      | Found a hazy altar of Hepliaklqana.
  8937 | D:9      | Noticed Gastronok
  9099 | D:9      | Killed Gastronok
  9100 | D:9      | Reached skill level 4 in Fighting
  9100 | D:9      | Reached skill level 8 in Short Blades
  9231 | D:9      | Found a bloodstained altar of Trog.
  9256 | D:9      | Found a shimmering blue altar of Sif Muna.
  9343 | D:9      | Noticed a manticore
  9351 | D:9      | Reached XP level 11. HP: 66/78 MP: 14/19
  9458 | D:10     | Entered Level 10 of the Dungeon
  9478 | D:10     | Reached skill level 6 in Spellcasting
  9529 | D:10     | Found a staircase to the Orcish Mines.
  9610 | D:10     | Reached * piety under Dithmenos
  9743 | D:10     | Reached ** piety under Dithmenos
  9823 | D:10     | Noticed a two-headed ogre
  9836 | D:10     | Killed a two-headed ogre
  9837 | D:10     | Reached skill level 7 in Stealth
 10159 | D:10     | Reached skill level 10 in Hexes
 10240 | D:10     | Reached skill level 5 in Dodging
 10255 | D:10     | Reached skill level 5 in Fighting
 10264 | D:10     | Noticed a deep elf archer
 10270 | D:10     | Noticed a deep elf pyromancer
 10275 | D:10     | Killed a deep elf pyromancer
 10276 | D:10     | Reached skill level 9 in Short Blades
 10306 | D:10     | Noticed a boulder beetle
 10309 | D:10     | Killed a boulder beetle
 10328 | D:10     | HP: 17/80 [deep elf archer/arrow (16)]
 10330 | D:10     | You add the spells Ozocubu's Armour and Ozocubu's
                  | Refrigeration to your library.
 10334 | D:10     | HP: 19/80 [deep elf archer/+0 short sword (8)]
 10335 | D:10     | Shot with an arrow by a deep elf archer

Vanquished Creatures
  Gastronok (D:9)
  Erolcha (D:9)
  A two-headed ogre (D:10)
  A boulder beetle (D:10)
  A deep elf pyromancer (D:10)
  4 manticores
  An unseen horror (D:10)
  Maggie (D:9)
  A komodo dragon (D:8)
  2 hornets
  3 trolls
  A slime creature (D:10)
  A ynoxinul (D:9)
  A shadow (D:10)
  Sigmund (D:2)
  A wyvern (D:9)
  Eustachio (D:5)
  A basilisk (D:10)
  10 yaks
  A steam dragon (D:8)
  Menkaure (D:5)
  An acid dragon (D:8)
  3 water moccasins
  2 orc warriors
  A sky beast (D:8)
  An ice beast (D:6)
  2 black bears (D:5)
  An ogre (D:5)
  3 phantoms (D:10)
  2 kobold brigands
  A bullfrog (D:7)
  2 scorpions
  5 wights (D:8)
  A troll zombie (D:10)
  5 killer bees (D:7)
  3 howler monkeys
  5 jellies
  3 sleepcaps
  2 hounds
  14 orc priests
  Ijyb (D:5)
  5 iguanas
  6 orc wizards
  7 ogre zombies (D:10)
  4 gnolls (D:6)
  6 adders
  A shadow imp (D:6)
  A white imp (D:6)
  2 worms
  2 dart slugs (D:1)
  32 orcs
  A bat (D:1)
  14 endoplasms
  2 giant cockroaches
  5 gnoll zombies (D:10)
  4 goblins
  10 hobgoblins
  4 quokkas
  4 ball pythons
  5 gnoll skeletons (D:10)
  19 kobolds
  2 orc skeletons (D:10)
  13 orc zombies (D:10)
  7 rats
250 creatures vanquished.

Table legend:
 A = Non-vault XP
 B = Vault XP
 C = Vault XP percentage of total XP
 D = Non-vault monster count
 E = Vault monster count
 F = Vault count percentage of total count
                 A         B        C        D         E       F
            +---------+---------+-------+---------+---------+-------
      Total |   10628 |    7824 |  42.4 |     198 |      52 |  20.8
            +---------+---------+-------+---------+---------+-------
        D:1 |      44 |       0 |   0.0 |      23 |       0 |   0.0
        D:2 |      40 |     214 |  84.3 |      16 |       1 |   5.9
        D:3 |      98 |       0 |   0.0 |      17 |       0 |   0.0
        D:4 |     116 |       0 |   0.0 |      16 |       0 |   0.0
        D:5 |     844 |     413 |  32.9 |      25 |       3 |  10.7
        D:6 |     678 |       0 |   0.0 |      19 |       0 |   0.0
        D:7 |    1359 |       0 |   0.0 |      26 |       0 |   0.0
        D:8 |    2719 |       0 |   0.0 |      23 |       0 |   0.0
        D:9 |    1806 |    3213 |  64.0 |      23 |       5 |  17.9
       D:10 |    2924 |    3984 |  57.7 |      10 |      43 |  81.1
            +---------+---------+-------+---------+---------+-------

Skill      XL: |  1  2  3  4  5  6  7  8  9 10 11 |
---------------+----------------------------------+-----
Short Blades   | 1 2 3 4 5 7 8 9 |  9.1
Ice Magic      | 2 3 |  3.0
Stealth        | 3 4 5 6 7 |  7.4
Hexes          | 4 5 7 8 9 10 | 10.4
Spellcasting   | 3 4 5 6 |  6.5
Dodging        | 2 3 4 5 |  5.3
Fighting       | 3 4 5 |  5.3

Action                     |  1- 3 |  4- 6 |  7- 9 | 10-12 || total
---------------------------+-------+-------+-------+-------++-------
  Melee: Dagger            |   113 |    67 |   184 |   357 ||   721
         Punch             |     1 |       |     2 |     5 ||     8
         Touch             |       |     7 |    34 |    78 ||   119
   Cast: Ensorcelled Hiber |    11 |    20 |    51 |    46 ||   128
         Confusing Touch   |       |       |     8 |    10 ||    18
         Slow              |       |       |       |     2 ||     2
    Use: Scroll            |     5 |     2 |    13 |     4 ||    24
         Potion            |     1 |       |     2 |     1 ||     4
   Stab: Sleeping          |    17 |    21 |    36 |    23 ||    97
         Paralysed         |     3 |     6 |    23 |    19 ||    51
         Confused          |       |       |     3 |     4 ||     7
         Invisible         |       |       |     5 |       ||     5
 Armour: Robe              |    22 |    16 |    45 |       ||    83
         Plate armour      |    19 |       |       |       ||    19
         Skin              |     3 |       |       |       ||     3
         Acid dragon scale |       |       |    19 |   138 ||   157
  Dodge: Dodged            |    28 |    23 |    58 |   113 ||   222

Illustrated notes

Table legend:
 A = Kills in this place as a percentage of kills in the entire game.
 B = Kills by you in this place as a percentage of kills by you in the entire game.
 C = Kills by friends in this place as a percentage of kills by friends in the entire game.
 D = Other kills in this place as a percentage of other kills in the entire game.
 E = Experience gained in this place as a percentage of experience gained in the entire game.
 F = Experience gained in this place divided by the number of levels of this place that you have seen.
                   A       B       C       D       E      F
               +-------+-------+-------+-------+-------+----------------------
         Total | 100.0 | 100.0 |   N/A |   N/A | 100.0 | 1677.5
       Dungeon | 100.0 | 100.0 |   N/A |   N/A | 100.0 | 1845.2
               +-------+-------+-------+-------+-------+----------------------

Table legend: (Time is in decaauts)
 A = Elapsed time spent in this place.
 B = Non-inter-level travel time spent in this place.
 C = Inter-level travel time spent in this place.
 D = Time resting spent in this place.
 E = Time spent auto-exploring this place.
 F = Levels seen in this place.
 G = Mean time per level.
                   A        B        C        D        E       F      G
               +--------+--------+--------+--------+--------+-----+--------+
         Total |  10004 |   9683 |    321 |    378 |   7565 |  11 |  909.5 |
       Dungeon |  10003 |   9684 |    319 |    378 |   7565 |  10 | 1000.3 |
        Temple |      1 |      0 |      1 |      0 |      0 |   1 |    1.0 |
               +--------+--------+--------+--------+--------+-----+--------+

Top non-repeatable levels by time:
     D:8: 1382 daAuts
     D:6: 1240 daAuts
     D:5: 1192 daAuts
     D:9: 1100 daAuts
     D:2: 1034 daAuts
     D:1: 931 daAuts
     D:7: 901 daAuts
     D:4: 796 daAuts
    D:10: 760 daAuts
     D:3: 663 daAuts
  Temple: 1 daAuts
